 Dungeon Crawl Stone Soup version 0.29.0-15-g675c0067aa (webtiles) character file.

Game seed: 7850235467947490704

11 qw the Sneak (level 2, -1/19 HPs)
             Began as a Gargoyle Delver on Sept 11, 2022.
             Slain by an orc
             ... wielding a +1 trident of protection
              (6 damage)
             ... on level 3 of the Dungeon.
             The game lasted 00:00:14 (590 turns).

qw the Sneak (Gargoyle Delver)                       Turns: 590, Time: 00:00:14

Health: -1/19      AC:  8    Str: 15    XL:     2   Next: 29%
Magic:  2/2        EV:  9    Int: 10    God:
Gold:   69         SH:  0    Dex: 11    Spells: 1/1 levels left

rFire   . . .      SeeInvis .   a - +0 hand axe
rCold   . . .      Faith    .   (no shield)
rNeg    + . .      Spirit   .   e - +0 scale mail
rPois   inf        Reflect  .   (no helmet)
rElec   +          Harm     .   (no cloak)
rCorr   .          Rampage  .   (no gloves)
Will    .....                   (no boots)
Stlth   +.........              (no amulet)
HPRegen 0.06/turn               (no ring)
MPRegen 0.08/turn               (no ring)

@: no status effects
A: sickness immunity, AC +2, negative energy resistance 1, electricity
resistance, torment resistance 1, petrification resistance
a: no special abilities


You were on level 3 of the Dungeon.
You visited 1 branch of the dungeon, and saw 3 of its levels.

You collected 69 gold pieces.


Innate Abilities, Weirdness & Mutations

You are immune to sickness and miasma.
Your stone body is resilient. (AC +2)
You are immune to poison.
You resist negative energy. (rN+)
You are resistant to electric shocks. (rElec)
You are resistant to unholy torment.
You are immune to petrification.


   Skills:
 - Level 3.2 Fighting
 + Level 2.6 Axes
 - Level 1.5 Dodging
 - Level 5.4 Stealth


You had one spell level left.
You didn't know any spells.
Your spell library was empty.

Inventory:

Hand Weapons
 a - a +0 hand axe (weapon)
 c - a +0 mace
Armour
 e - a +0 scale mail (worn)
 j - a +0 chain mail
Wands
 g - a wand of digging (3)
Scrolls
 b - a scroll of immolation {unknown}
 i - a scroll of enchant weapon {unknown}
Potions
 d - a potion of lignification {unknown}
 f - a potion of haste
 h - a potion of curing {unknown}

Dungeon Overview and Level Annotations

Branches:
Dungeon (5/15)
 Temple: D:4-7

Altars:


Message History

An orc is nearby!
The orc shouts!
An orc comes into view. It is wielding a +0 mace.
The orc shouts!
You slash the orc!
You kill the orc!
You barely miss the orc. The orc closely misses you.
You closely miss the orc. The orc hits you but does no damage.
An orc comes into view.
It is wielding a +1 trident of protection.
The orc hits you but does no damage.
The orc shouts!
You hit the orc.
The orc is lightly wounded.
You hear a shout!
The orc hits you but does no damage.
An orc comes into view. It is wielding a +0 dagger.
You hit the orc.
The orc is heavily wounded.
The orc hits you but does no damage. x2
You closely miss the orc.
The orc is heavily wounded.
An orc comes into view. It is wielding a +0 mace.
The orc hits you but does no damage.
You closely miss the orc.
The orc is heavily wounded.
You barely miss the orc.
The orc hits you but does no damage. x2; The orc barely misses you.
You hit the orc but do no damage.
The orc is heavily wounded.
You hit the orc. The orc hits you with a +0 hand axe.
The orc hits you but does no damage. x3
The orc barely misses you.
The orc hits you from afar with a +1 trident of protection!
You hit the orc.
You kill the orc!
You barely miss the orc.
The orc hits you from afar with a +1 trident of protection.
You die...

### #.# ##.## #.. ..
#..)# ..... ## #...# ..#.
.# #...# ... ##
.#####...##### .. ..
.#...........#####.#.####
................o#......#
.#...........###@oo.....#
######...##### ###......#
#...# ..#.### #...# #...#
#...# #.## ....# .# ### o
##


You could see 3 orcs.

Vanquished Creatures
  A worm (D:3)
  2 orcs (D:3)
  2 giant cockroaches (D:3)
  A hobgoblin (D:3)
  A quokka (D:3)
  A kobold (D:3)
8 creatures vanquished.

Notes
Turn   | Place    | Note
-------+----------+-------------------------------------------
     0 | D:5      | qw the Gargoyle Delver began the quest for the Orb.
     0 | D:5      | Reached XP level 1. HP: 14/14 MP: 1/1
     0 | D:5      | 0 ||| qw: Version: 0.1-a-118-gb4e7ce6
     0 | D:5      | 0 ||| qw: Game counter: 10237
     0 | D:5      | 0 ||| qw: Always use a shield: true
     0 | D:5      | 0 ||| qw: God list: Okawaru
     0 | D:5      | 0 ||| qw: Allow faded altars: false
     0 | D:5      | 0 ||| qw: Do Orc after D:15 true
     0 | D:5      | 0 ||| qw: Do second Lair branch before Depths: true
     0 | D:5      | 0 ||| qw: Lair rune preference: random
     0 | D:5      | 0 ||| qw: Plans: Normal
     0 | D:5      | 0 ||| PLANNING D:1-11
     4 | D:5      | 4 ||| DROPPING scroll of fog.
     5 | D:5      | 5 ||| DROPPING scroll of magic mapping.
     6 | D:5      | 6 ||| DROPPING scroll of fear.
    10 | D:5      | 10 ||| FLEEEEING.
    11 | D:5      | 11 ||| FLEEEEING.
    13 | D:5      | 13 ||| FLEEEEING.
    14 | D:5      | 14 ||| STAIRDANCE
    38 | D:4      | 38 ||| UPGRADING to +0 ring mail.
    48 | D:4      | 48 ||| DROPPING +0 leather armour.
    49 | D:4      | 49 ||| UPGRADING to +0 scale mail.
    59 | D:4      | 59 ||| DROPPING +0 ring mail.
    61 | D:4      | Noticed a necrophage
    62 | D:4      | 62 ||| FLEEEEING.
    65 | D:4      | 65 ||| STAIRDANCE
   349 | D:3      | 349 ||| Stepping ~*~*~tactically~*~*~ (stealth).
   352 | D:3      | 352 ||| Stepping ~*~*~tactically~*~*~ (stealth).
   357 | D:3      | HP: 2/14 [worm (4)]
   365 | D:3      | Reached XP level 2. HP: 3/19 MP: 2/2
   428 | D:3      | 428 ||| Stepping ~*~*~tactically~*~*~ (stealth).
   439 | D:3      | 439 ||| Stepping ~*~*~tactically~*~*~ (stealth).
   574 | D:3      | 574 ||| Stepping ~*~*~tactically~*~*~ (stealth).
   590 | D:3      | Slain by an orc

Levels and vault maps discovered:
D:3:      layout_loops_cross, palyth_temple_overflow_mages,
          hangedman_ru_absence, uniq_jessica
D:4:      layout_loops_ring, general_overflow_altar
D:5:      layout_basic, grunt_temple_overflow_cloverleaf,
          minmay_temple_entry_waves, serial_shops, nicolae_shop_behind_doors,
          uniq_eustachio

Skill      XL: |  1 |
---------------+----+-----
Axes           | 2 |  2.6
Fighting       | |  3.2
Dodging        | |  1.5
Stealth        | |  5.4

Action                   || total
-------------------------++-------
Melee: Hand axe          ||    43
       Punch             ||     1
Armor: Scale mail        ||    26
Dodge: Dodged            ||    15

Table legend:
 A = Non-vault XP
 B = Vault XP
 C = Vault XP percentage of total XP
 D = Non-vault monster count
 E = Vault monster count
 F = Vault count percentage of total count
                 A         B        C        D         E       F
            +---------+---------+-------+---------+---------+-------
      Total |      20 |       0 |   0.0 |       8 |       0 |   0.0
            +---------+---------+-------+---------+---------+-------
        D:3 |      20 |       0 |   0.0 |       8 |       0 |   0.0
            +---------+---------+-------+---------+---------+-------
